AAA
OTTAWA BEAVERS @ QUEBEC FIGHTING QUAKERS
08/08/2059
 
TOP OF THE 1ST
Ottawa Beavers batting - Pitching for Quebec Fighting Quakers : RHP Carter Byers
Pitching: RHP Carter Byers
Batting: SHB Darren Clark 0-0: DOUBLE (Line Drive, 5D, EV 98.8 MPH)
Batting: RHB Jaboree Kafengauz 0-0: Ball
1-0: Ball
2-0: Foul Ball, location: 2F
2-1: Called Strike
2-2: Foul Ball, location: 2F
2-2: Ball
3-2: Foul Ball, location: 2F
3-2: SINGLE (Groundball, 34D, EV 99.4 MPH)
Darren Clark to third
Runner from 3rd tries for Home, SAFE, throw by RF to home
Batting: LHB Cole Tester 0-0: Ball
1-0: Fly out, F9 (Flyball, 9, EV 96.2 MPH)
Batting: RHB Carlos Kinney 0-0: Ball
1-0: Foul Ball, location: 2F
1-1: Called Strike
1-2: Strikes out looking
Batting: LHB Evan Dollar 0-0: Ball
1-0: Ball
2-0: Ball
3-0: Foul Ball, location: 2F
3-1: Base on Balls
Jaboree Kafengauz to second
Batting: SHB Dennis Daley 0-0: Called Strike
0-1: SINGLE (Line Drive, 56D, EV 106.9 MPH)
Jaboree Kafengauz to third
Evan Dollar to second
Batting: RHB Omari Stubbs 0-0: Ball
1-0: Ball
2-0: Ball
3-0: Base on Balls
Jaboree Kafengauz scores
Evan Dollar to third
Dennis Daley to second
Batting: RHB Erick Hartman 0-0: Ball
1-0: Foul Ball, location: 2F
1-1: Ball
2-1: Fielders Choice at 2nd, 5-4 (Groundball, 56, EV 77.5 MPH)
Top of the 1st over - 2 runs, 3 hits, 0 errors, 3 left on base; Ottawa 2 - Quebec 0
BOTTOM OF THE 1ST
Quebec Fighting Quakers batting - Pitching for Ottawa Beavers : RHP Skyler Gummere
Pitching: RHP Skyler Gummere
Batting: RHB Kyle Long 0-0: Ball
1-0: Called Strike
1-1: Ball
2-1: SINGLE (Groundball, 6S, EV 99.4 MPH)
Batting: LHB Jayden Marotta 0-0: Called Strike
0-1: Ball
1-1: Ball
2-1: SINGLE (Groundball, 6MD, EV 98.1 MPH)
Kyle Long to second
Batting: LHB Roshown Guillen 0-0: Called Strike
0-1: Grounds into double play, 4-6-3 (Groundball, 4, EV 107.5 MPH)
Kyle Long to third
Batting: RHB Eli Tracy 0-0: Fly out, F9 (Flyball, 9S, EV 84.4 MPH)
Bottom of the 1st over - 0 runs, 2 hits, 0 errors, 1 left on base; Ottawa 2 - Quebec 0
TOP OF THE 2ND
Ottawa Beavers batting - Pitching for Quebec Fighting Quakers : RHP Carter Byers
Batting: RHB Chas Finley 0-0: Ball
1-0: Swinging Strike
1-1: Ball
2-1: Foul Ball, location: 2F
2-2: Ground out 4-3 (Groundball, 4, EV 103.1 MPH)
Batting: SHB Darren Clark 0-0: Called Strike
0-1: Ground out 5-3 (Groundball, 5, EV 80.0 MPH)
Batting: RHB Jaboree Kafengauz 0-0: Swinging Strike
0-1: Ground out 3-1 (Groundball, 13, EV 85.6 MPH)
Top of the 2nd over - 0 runs, 0 hits, 0 errors, 0 left on base; Ottawa 2 - Quebec 0
BOTTOM OF THE 2ND
Quebec Fighting Quakers batting - Pitching for Ottawa Beavers : RHP Skyler Gummere
Batting: RHB Andy Christman 0-0: Ball
1-0: Ball
2-0: Foul Ball, location: 2F
2-1: Fly out, F8 (Line Drive, 8LM, EV 87.5 MPH)
Batting: RHB Cody Henning 0-0: Ball
1-0: Ball
2-0: Ball
3-0: Base on Balls
Batting: RHB Andy Reece 0-0: Ball
Cody Henning steals 2nd base
1-0: Ground out 6-3 (Groundball, P, EV 85.6 MPH)
Cody Henning to third
Batting: LHB Kaleb Roelofs 0-0: Fly out, F8 (Flyball, 8RD, EV 108.8 MPH)
Bottom of the 2nd over - 0 runs, 0 hits, 0 errors, 1 left on base; Ottawa 2 - Quebec 0
TOP OF THE 3RD
Ottawa Beavers batting - Pitching for Quebec Fighting Quakers : RHP Carter Byers
Batting: LHB Cole Tester 0-0: Called Strike
0-1: Fly out, F8 (Flyball, 8LD, EV 96.9 MPH)
Batting: RHB Carlos Kinney 0-0: Ball
1-0: DOUBLE (Groundball, 3L, EV 104.4 MPH)
Batting: LHB Evan Dollar 0-0: Ball
1-0: Ball
2-0: SINGLE (Line Drive, 9S, EV 88.1 MPH)
Carlos Kinney to third
Batting: SHB Dennis Daley 0-0: Ball
1-0: Swinging Strike
1-1: Ball
2-1: Fielders Choice at 2nd, 4-6 (Groundball, 34, EV 84.4 MPH)
Carlos Kinney scores
Batting: RHB Omari Stubbs 0-0: Ball
1-0: Foul Ball, location: 2F
1-1: Fly out, F6 (Line Drive, 6, EV 66.9 MPH)
Top of the 3rd over - 1 run, 2 hits, 0 errors, 1 left on base; Ottawa 3 - Quebec 0
BOTTOM OF THE 3RD
Quebec Fighting Quakers batting - Pitching for Ottawa Beavers : RHP Skyler Gummere
Batting: LHB Kevyn O'Flynn 0-0: SINGLE (Groundball, 56S, EV 71.2 MPH) (infield hit)
Batting: RHB Kyle Long 0-0: Ball
Kevyn O'Flynn steals 2nd base (no throw)
1-0: Ball
2-0: Ball
3-0: Called Strike
3-1: Base on Balls
Batting: LHB Jayden Marotta 0-0: Called Strike
0-1: Ball
1-1: Ball
2-1: Ball
3-1: Foul Ball, location: 2F
3-2: Foul Ball, location: 2F
3-2: Foul Ball, location: 2F
3-2: SINGLE (Line Drive, 7S, EV 90.6 MPH)
Kevyn O'Flynn to third
Kyle Long to second
Batting: LHB Roshown Guillen 0-0: SINGLE (Groundball, 4MS, EV 61.9 MPH) (infield hit)
Kevyn O'Flynn scores
Kyle Long to third
Jayden Marotta to second
Batting: RHB Eli Tracy 0-0: Ball
1-0: Foul Ball, location: 2F
1-1: SINGLE (Groundball, 56D, EV 105.0 MPH)
Kyle Long scores
Jayden Marotta to third
Roshown Guillen to second
Batting: RHB Andy Christman 0-0: Called Strike
0-1: Called Strike
0-2: Strikes out swinging
Batting: RHB Cody Henning 0-0: Foul Ball, location: 2F
0-1: Swinging Strike
0-2: Strikes out looking
Batting: RHB Andy Reece 0-0: Called Strike
0-1: Swinging Strike
0-2: Ball
1-2: Ball
2-2: Ball
Wild Pitch!
Jayden Marotta scores
Roshown Guillen to third
Eli Tracy to second
3-2: Strikes out swinging
Bottom of the 3rd over - 3 runs, 4 hits, 0 errors, 2 left on base; Ottawa 3 - Quebec 3
TOP OF THE 4TH
Ottawa Beavers batting - Pitching for Quebec Fighting Quakers : RHP Carter Byers
Batting: RHB Erick Hartman 0-0: Ball
1-0: Fly out, F7 (Flyball, 78S, EV 83.8 MPH)
Batting: RHB Chas Finley 0-0: Ball
1-0: Ball
2-0: Swinging Strike
2-1: Swinging Strike
2-2: Strikes out swinging
Batting: SHB Darren Clark 0-0: Called Strike
0-1: Called Strike
0-2: Ball
1-2: Ball
2-2: Strikes out swinging
Top of the 4th over - 0 runs, 0 hits, 0 errors, 0 left on base; Ottawa 3 - Quebec 3
BOTTOM OF THE 4TH
Quebec Fighting Quakers batting - Pitching for Ottawa Beavers : RHP Skyler Gummere
Batting: LHB Kaleb Roelofs 0-0: Ball
1-0: Called Strike
1-1: Ground out 1-3 (Groundball, 34S, EV 66.9 MPH)
Batting: LHB Kevyn O'Flynn 0-0: Ball
1-0: Called Strike
1-1: Ball
2-1: Swinging Strike
2-2: Fly out, F6 (Popup, 6M, EV 60.6 MPH)
Batting: RHB Kyle Long 0-0: Ball
1-0: Swinging Strike
1-1: Ball
2-1: Swinging Strike
2-2: Foul Ball, location: 2F
2-2: Foul Ball, location: 2F
2-2: Foul Ball, location: 2F
2-2: Foul Ball, location: 2F
2-2: Ball
3-2: Strikes out swinging
Bottom of the 4th over - 0 runs, 0 hits, 0 errors, 0 left on base; Ottawa 3 - Quebec 3
TOP OF THE 5TH
Ottawa Beavers batting - Pitching for Quebec Fighting Quakers : RHP Carter Byers
Batting: RHB Jaboree Kafengauz 0-0: Called Strike
0-1: Swinging Strike
0-2: Ball
1-2: Fly out, F9 (Flyball, 89D, EV 107.5 MPH)
Batting: LHB Cole Tester 0-0: Swinging Strike
0-1: SOLO HOME RUN (Flyball, 9LD, EV 95.0 MPH), Distance : 353 ft
Batting: RHB Carlos Kinney 0-0: Called Strike
0-1: Fly out, F6 (Line Drive, 6, EV 64.4 MPH)
Batting: LHB Evan Dollar 0-0: Called Strike
0-1: Ball
1-1: Fly out, F3 (Line Drive, 34D, EV 66.2 MPH)
Top of the 5th over - 1 run, 1 hit, 0 errors, 0 left on base; Ottawa 4 - Quebec 3
BOTTOM OF THE 5TH
Quebec Fighting Quakers batting - Pitching for Ottawa Beavers : RHP Skyler Gummere
Batting: LHB Jayden Marotta 0-0: Ball
1-0: Ball
2-0: Ball
3-0: Called Strike
3-1: Base on Balls
Batting: LHB Roshown Guillen 0-0: Ball
1-0: Ground out 4-3 (Groundball, 34D, EV 101.9 MPH)
Jayden Marotta to second
Batting: RHB Eli Tracy 0-0: Swinging Strike
0-1: Ball
1-1: Ball
2-1: SINGLE (Groundball, 6MD, EV 99.4 MPH)
Jayden Marotta to third
Runner from 3rd tries for Home, SAFE, throw by CF to home
Batting: RHB Andy Christman 0-0: Ball
1-0: Fly out, F7 (Flyball, 7LSF, EV 90.0 MPH)
Batting: RHB Cody Henning 0-0: Ball
1-0: Fly out, F5 (Popup, 5SF, EV 89.4 MPH)
Bottom of the 5th over - 1 run, 1 hit, 0 errors, 1 left on base; Ottawa 4 - Quebec 4
TOP OF THE 6TH
Ottawa Beavers batting - Pitching for Quebec Fighting Quakers : RHP Carter Byers
Batting: SHB Dennis Daley 0-0: Called Strike
0-1: Fly out, F9 (Flyball, 9LM, EV 80.6 MPH)
Batting: RHB Omari Stubbs 0-0: Ball
1-0: Ball
2-0: Ball
3-0: Called Strike
3-1: SINGLE (Groundball, 56D, EV 101.9 MPH)
Batting: RHB Erick Hartman 0-0: Ball
1-0: Called Strike
1-1: Grounds into double play, 4-6-3 (Groundball, 4, EV 80.6 MPH)
Top of the 6th over - 0 runs, 1 hit, 0 errors, 0 left on base; Ottawa 4 - Quebec 4
BOTTOM OF THE 6TH
Quebec Fighting Quakers batting - Pitching for Ottawa Beavers : RHP Skyler Gummere
Batting: RHB Andy Reece 0-0: Fly out, F8 (Flyball, 8RM, EV 90.0 MPH)
Batting: LHB Kaleb Roelofs 0-0: Ball
1-0: Ball
2-0: Fly out, F8 (Flyball, 78M, EV 81.2 MPH)
Batting: LHB Kevyn O'Flynn 0-0: TRIPLE (Flyball, 7D, EV 91.9 MPH)
Batting: RHB Kyle Long 0-0: Ball
1-0: Called Strike
1-1: Ball
2-1: Ball
3-1: Called Strike
3-2: Foul Ball, location: 2F
3-2: Strikes out looking
Bottom of the 6th over - 0 runs, 1 hit, 0 errors, 1 left on base; Ottawa 4 - Quebec 4
TOP OF THE 7TH
Ottawa Beavers batting - Pitching for Quebec Fighting Quakers : RHP Carter Byers
Batting: RHB Chas Finley 0-0: Called Strike
0-1: Ball
1-1: Ball
2-1: Foul Ball, location: 2F
2-2: Ball
3-2: Foul Ball, location: 2F
3-2: Ground out 3-1 (Groundball, 34S, EV 83.8 MPH)
Batting: SHB Darren Clark 0-0: Ball
1-0: Ball
2-0: Called Strike
2-1: Ball
3-1: Base on Balls
Pitching: RHP Brenden White
Batting: RHB Jaboree Kafengauz Pickoff Throw to First - Error! E1
Darren Clark to second
0-0: Called Strike
0-1: Ball
1-1: DOUBLE (Groundball, 3L, EV 94.4 MPH)
Darren Clark scores
Batting: LHB Cole Tester 0-0: 2-RUN HOME RUN (Flyball, 89XD, EV 105.6 MPH), Distance : 418 ft
Batting: RHB Carlos Kinney 0-0: Ball
1-0: Swinging Strike
1-1: Ball
2-1: Foul Ball, location: 2F
2-2: Foul Ball, location: 2F
2-2: Ball
3-2: Strikes out looking
Batting: LHB Evan Dollar 0-0: Called Strike
0-1: Foul Ball, location: 2F
0-2: Ball
1-2: SINGLE (Flyball, 89S, EV 85.6 MPH)
Batting: SHB Dennis Daley 0-0: Ball
1-0: 2-RUN HOME RUN (Flyball, 89XD, EV 107.5 MPH), Distance : 409 ft
Pitching: RHP Kaileb Vesely
Batting: RHB Omari Stubbs 0-0: Foul Ball, location: 2F
0-1: Fly out, F9 (Flyball, 89D, EV 85.6 MPH)
Top of the 7th over - 5 runs, 4 hits, 1 error, 0 left on base; Ottawa 9 - Quebec 4
BOTTOM OF THE 7TH
Quebec Fighting Quakers batting - Pitching for Ottawa Beavers : RHP Skyler Gummere
Batting: LHB Jayden Marotta 0-0: Ball
1-0: Swinging Strike
1-1: Ball
2-1: Ball
3-1: Base on Balls
Batting: LHB Roshown Guillen 0-0: Ball
1-0: Called Strike
1-1: Swinging Strike
1-2: Foul Ball, location: 2F
1-2: Ball
2-2: SINGLE (Line Drive, 9LS, EV 101.2 MPH)
Jayden Marotta to second
Pitching: RHP Cato Nakasone
Batting: RHB Eli Tracy 0-0: Ball
Balk!
Jayden Marotta to third
Roshown Guillen to second
1-0: Ball
2-0: Foul Ball, location: 2F
2-1: Ground out 6-3 (Groundball, 6MD, EV 93.1 MPH)
Jayden Marotta scores
Roshown Guillen to third
Batting: RHB Andy Christman 0-0: Called Strike
0-1: Fly out, F9 (Flyball, 89S, EV 91.9 MPH)
Batting: RHB Cody Henning 0-0: Called Strike
0-1: Ball
1-1: Ball
2-1: Ground out 4-3 (Groundball, 4, EV 101.9 MPH)
Bottom of the 7th over - 1 run, 1 hit, 0 errors, 1 left on base; Ottawa 9 - Quebec 5
TOP OF THE 8TH
Ottawa Beavers batting - Pitching for Quebec Fighting Quakers : RHP Kaileb Vesely
Batting: RHB Erick Hartman 0-0: Ball
1-0: Ball
2-0: Called Strike
2-1: Ball
3-1: Foul Ball, location: 2F
3-2: Strikes out swinging
Batting: RHB Chas Finley 0-0: Swinging Strike
0-1: Ball
1-1: Ball
2-1: Ball
3-1: Foul Ball, location: 2F
3-2: Foul Ball, location: 2F
3-2: Ground out 2-3 (Groundball, 13S, EV 70.0 MPH)
Batting: SHB Darren Clark 0-0: Ball
1-0: Ball
2-0: Foul Ball, location: 2F
2-1: Called Strike
2-2: Strikes out swinging
Top of the 8th over - 0 runs, 0 hits, 0 errors, 0 left on base; Ottawa 9 - Quebec 5
BOTTOM OF THE 8TH
Quebec Fighting Quakers batting - Pitching for Ottawa Beavers : RHP Cato Nakasone
Batting: RHB Andy Reece 0-0: Fly out, F7 (Flyball, 78D, EV 103.1 MPH)
Batting: LHB Kaleb Roelofs 0-0: Called Strike
0-1: Ball
1-1: Ball
2-1: SINGLE (Flyball, 89S, EV 91.2 MPH)
Batting: LHB Kevyn O'Flynn 0-0: Ball
1-0: Swinging Strike
1-1: 2-RUN HOME RUN (Line Drive, 89XD, EV 98.1 MPH), Distance : 404 ft
Batting: RHB Kyle Long 0-0: SINGLE (Line Drive, 89M, EV 96.2 MPH)
Batting: LHB Jayden Marotta 0-0: Called Strike
0-1: Swinging Strike
0-2: Ball
1-2: Ball
2-2: Fly out, F7 (Line Drive, 7, EV 95.0 MPH)
Batting: LHB Roshown Guillen 0-0: Foul Ball, location: 2F
0-1: SINGLE (Groundball, 4M, EV 106.2 MPH)
Kyle Long to second
Batting: RHB Eli Tracy 0-0: Reached on error, E6 (Groundball, 6, EV 92.5 MPH)
Kyle Long to third
Roshown Guillen to second
Batting: RHB Andy Christman 0-0: Ball
1-0: Called Strike
1-1: SINGLE (Groundball, 6MD, EV 96.2 MPH)
Kyle Long scores
Roshown Guillen to third
Eli Tracy to second
Runner from 3rd tries for Home, SAFE, throw by CF to home
Pitching: RHP Owen Carr
Batting: RHB Cody Henning 0-0: Ball
1-0: Ground out 3-1 (Groundball, 34S, EV 75.6 MPH)
Bottom of the 8th over - 4 runs, 5 hits, 1 error, 2 left on base; Ottawa 9 - Quebec 9
TOP OF THE 9TH
Ottawa Beavers batting - Pitching for Quebec Fighting Quakers : RHP Kaileb Vesely
Batting: RHB Jaboree Kafengauz 0-0: Called Strike
0-1: Called Strike
0-2: Fly out, F7 (Flyball, 7S, EV 77.5 MPH)
Batting: LHB Cole Tester 0-0: Swinging Strike
0-1: Ball
1-1: SINGLE (Flyball, 3D, EV 90.6 MPH)
Batting: RHB Carlos Kinney 0-0: Fielders Choice at 2nd, 5-4 (Groundball, 56, EV 90.0 MPH)
Batting: LHB Evan Dollar 0-0: Called Strike
0-1: Ball
1-1: Called Strike
1-2: Ball
2-2: Ball
3-2: Foul Ball, location: 3F, Error on foul ball, E3
3-2: Strikes out swinging
Top of the 9th over - 0 runs, 1 hit, 1 error, 1 left on base; Ottawa 9 - Quebec 9
BOTTOM OF THE 9TH
Quebec Fighting Quakers batting - Pitching for Ottawa Beavers : RHP Owen Carr
Batting: RHB Andy Reece 0-0: Called Strike
0-1: Called Strike
0-2: Ball
1-2: Strikes out swinging
Batting: LHB Kaleb Roelofs 0-0: Swinging Strike
0-1: Called Strike
0-2: DOUBLE (Line Drive, 78D, EV 100.0 MPH)
Batting: LHB Kevyn O'Flynn 0-0: Intentional Walk
Pinch Hitting: LHB Neil Fedunina 0-0: Foul Ball, location: 2F
0-1: SINGLE (Groundball, 34D, EV 102.5 MPH) (infield hit)
Kaleb Roelofs to third
Kevyn O'Flynn to second
Batting: LHB Jayden Marotta 0-0: Ball
1-0: Ball
2-0: Ball
3-0: Called Strike
3-1: Foul Ball, location: 2F
3-2: Grounds into fielders choice 3-2 (Groundball, 3L, EV 88.1 MPH)
Kevyn O'Flynn to third
Neil Fedunina to second
Batting: LHB Roshown Guillen 0-0: Called Strike
0-1: Swinging Strike
0-2: Strikes out swinging
Bottom of the 9th over - 0 runs, 2 hits, 0 errors, 3 left on base; Ottawa 9 - Quebec 9
TOP OF THE 10TH
Ottawa Beavers batting - Pitching for Quebec Fighting Quakers : RHP Kaileb Vesely
Pitching: RHP Nic McClelland
Now at 2B: Neil Fedunina
Now at SS: Cody Henning
Batting: SHB Dennis Daley 0-0: Called Strike
0-1: Foul Ball, location: 2F
0-2: Foul Ball, location: 2F
0-2: Strikes out looking
Batting: RHB Omari Stubbs 0-0: Called Strike
0-1: Ball
1-1: Ball
2-1: Swinging Strike
2-2: Ball
3-2: Ground out 6-3 (Groundball, 6, EV 91.9 MPH)
Batting: RHB Erick Hartman 0-0: Ball
1-0: Ground out 4-3 (Groundball, 4, EV 80.6 MPH)
Top of the 10th over - 0 runs, 0 hits, 0 errors, 0 left on base; Ottawa 9 - Quebec 9
BOTTOM OF THE 10TH
Quebec Fighting Quakers batting - Pitching for Ottawa Beavers : RHP Owen Carr
Pitching: RHP Eddie Bollenbach
Batting: RHB Eli Tracy 0-0: Called Strike
0-1: Ball
1-1: Ball
2-1: Ball
3-1: Foul Ball, location: 2F
3-2: Strikes out swinging
Batting: RHB Andy Christman 0-0: Swinging Strike
0-1: Ball
1-1: Called Strike
1-2: Ball
2-2: Strikes out swinging
Batting: RHB Cody Henning 0-0: Swinging Strike
0-1: Foul Ball, location: 2F
0-2: Foul Ball, location: 2F
0-2: Foul Ball, location: 2F
0-2: Strikes out swinging
Bottom of the 10th over - 0 runs, 0 hits, 0 errors, 0 left on base; Ottawa 9 - Quebec 9
TOP OF THE 11TH
Ottawa Beavers batting - Pitching for Quebec Fighting Quakers : RHP Nic McClelland
Pinch Hitting: LHB Abel Valley 0-0: Ground out 6-3 (Groundball, 6, EV 87.5 MPH)
Batting: SHB Darren Clark 0-0: Swinging Strike
0-1: Ball
1-1: Called Strike
1-2: Ball
2-2: Foul Ball, location: 2F
2-2: Strikes out looking
Batting: RHB Jaboree Kafengauz 0-0: Ball
1-0: Swinging Strike
1-1: Ball
2-1: Swinging Strike
2-2: Hit by Pitch
Batting: LHB Cole Tester 0-0: Called Strike
0-1: Fly out, F9 (Flyball, 9LM, EV 105.0 MPH)
Top of the 11th over - 0 runs, 0 hits, 0 errors, 1 left on base; Ottawa 9 - Quebec 9
BOTTOM OF THE 11TH
Quebec Fighting Quakers batting - Pitching for Ottawa Beavers : RHP Eddie Bollenbach
Now at C: Taylor Allison
Batting: RHB Andy Reece 0-0: Ball
1-0: Ball
2-0: Ball
3-0: Called Strike
3-1: Fly out, F1 (Popup, P, EV 87.5 MPH)
Batting: LHB Kaleb Roelofs 0-0: Foul Ball, location: 2F
0-1: Called Strike
0-2: Foul Ball, location: 2F
0-2: Strikes out looking
Batting: LHB Kevyn O'Flynn 0-0: Fly out, F9 (Flyball, 89S, EV 95.0 MPH)
Bottom of the 11th over - 0 runs, 0 hits, 0 errors, 0 left on base; Ottawa 9 - Quebec 9
TOP OF THE 12TH
Ottawa Beavers batting - Pitching for Quebec Fighting Quakers : RHP Nic McClelland
Batting: RHB Carlos Kinney 0-0: Foul Ball, location: 2F
0-1: Ball
1-1: Foul Ball, location: 2F
1-2: Foul Ball, location: 2F
1-2: SOLO HOME RUN (Flyball, 7LD, EV 94.4 MPH), Distance : 356 ft
Batting: LHB Evan Dollar 0-0: Swinging Strike
0-1: Ball
1-1: Foul Ball, location: 2F
1-2: DOUBLE (Flyball, 8LXD, EV 108.1 MPH)
Batting: SHB Dennis Daley 0-0: Intentional Walk
Batting: RHB Omari Stubbs 0-0: Fielders Choice at 2nd, 5-4 (Groundball, 56, EV 77.5 MPH)
Evan Dollar to third
Batting: RHB Erick Hartman 0-0: Called Strike
0-1: Ball
1-1: Ball
2-1: Called Strike
2-2: Fly out, F3 (Popup, 3S, EV 80.0 MPH)
Pitching: RHP Brad Zook
Batting: RHB Taylor Allison 0-0: Foul Ball, location: 2F
0-1: Ball
1-1: Ball
2-1: Ball
3-1: Swinging Strike
3-2: Base on Balls
Omari Stubbs to second
Batting: SHB Darren Clark 0-0: Ball
1-0: Ball
2-0: Called Strike
2-1: Fly out, F6 (Line Drive, 56D, EV 64.4 MPH)
Top of the 12th over - 1 run, 2 hits, 0 errors, 3 left on base; Ottawa 10 - Quebec 9
BOTTOM OF THE 12TH
Quebec Fighting Quakers batting - Pitching for Ottawa Beavers : RHP Eddie Bollenbach
Now in LF: Dennis Daley
Now in RF: Gavin Wright
Batting: LHB Neil Fedunina 0-0: Ball
1-0: Ball
2-0: Called Strike
2-1: SINGLE (Line Drive, 7LM, EV 105.0 MPH)
Batting: LHB Jayden Marotta 0-0: Sac Bunt to 15 - play at first, batter OUT! 1-3
Neil Fedunina to second
Batting: LHB Roshown Guillen 0-0: Foul Ball, location: 2F
0-1: Foul Ball, location: 2F
0-2: Foul Ball, location: 2F
0-2: SINGLE (Groundball, 34D, EV 96.9 MPH)
Neil Fedunina to third
Runner from 3rd tries for Home, SAFE, throw by RF to home
Roshown Guillen to second
Batting: RHB Eli Tracy 0-0: Ball
1-0: Foul Ball, location: 2F
1-1: Ball
2-1: Fly out, F7 (Line Drive, 7S, EV 97.5 MPH)
Batting: RHB Andy Christman 0-0: Called Strike
0-1: Fly out, F8 (Line Drive, 89M, EV 94.4 MPH)
Bottom of the 12th over - 1 run, 2 hits, 0 errors, 1 left on base; Ottawa 10 - Quebec 10
TOP OF THE 13TH
Ottawa Beavers batting - Pitching for Quebec Fighting Quakers : RHP Brad Zook
Batting: RHB Jaboree Kafengauz 0-0: Called Strike
0-1: Swinging Strike
0-2: Strikes out swinging
Batting: RHB Gavin Wright 0-0: Ball
1-0: Ball
2-0: Called Strike
2-1: Ball
3-1: Called Strike
3-2: Foul Ball, location: 2F
3-2: Foul Ball, location: 2F
3-2: Foul Ball, location: 2F
3-2: Foul Ball, location: 2F
3-2: Strikes out swinging
Batting: RHB Carlos Kinney 0-0: Called Strike
0-1: Foul Ball, location: 2F
0-2: Foul Ball, location: 2F
0-2: SINGLE (Groundball, 56D, EV 95.0 MPH)
Batting: LHB Evan Dollar 0-0: Ball
1-0: Ball
2-0: Ball
3-0: Foul Ball, location: 2F
3-1: Called Strike
3-2: Strikes out swinging
Top of the 13th over - 0 runs, 1 hit, 0 errors, 1 left on base; Ottawa 10 - Quebec 10
BOTTOM OF THE 13TH
Quebec Fighting Quakers batting - Pitching for Ottawa Beavers : RHP Eddie Bollenbach
Pitching: LHP Garrett Chartrand
Batting: RHB Cody Henning 0-0: Ball
1-0: Swinging Strike
1-1: Ball
2-1: Ball
3-1: Base on Balls
Batting: RHB Andy Reece 0-0: Sac Bunt to 15S - play at first, batter OUT! 1-3
Cody Henning to second
Pinch Hitting: RHB Charleston Chesney 0-0: Intentional Walk
Batting: LHB Kevyn O'Flynn 0-0: Ball
1-0: Ball
2-0: Grounds into double play, 5-4-3 (Groundball, 5, EV 98.1 MPH)
Bottom of the 13th over - 0 runs, 0 hits, 0 errors, 1 left on base; Ottawa 10 - Quebec 10
TOP OF THE 14TH
Ottawa Beavers batting - Pitching for Quebec Fighting Quakers : RHP Brad Zook
Now in RF: Evan Bocian
Batting: SHB Dennis Daley 0-0: Called Strike
0-1: Ball
1-1: Foul Ball, location: 2F
1-2: SINGLE (Groundball, 4D, EV 95.6 MPH)
Batting: RHB Omari Stubbs 0-0: Called Strike
0-1: Called Strike
0-2: Strikes out looking
Batting: RHB Erick Hartman 0-0: Ball
Dennis Daley is caught stealing 2nd base 2-4
1-0: Called Strike
1-1: Called Strike
1-2: Fly out, F8 (Flyball, 78S, EV 93.1 MPH)
Top of the 14th over - 0 runs, 1 hit, 0 errors, 0 left on base; Ottawa 10 - Quebec 10
BOTTOM OF THE 14TH
Quebec Fighting Quakers batting - Pitching for Ottawa Beavers : LHP Garrett Chartrand
Batting: LHB Neil Fedunina 0-0: Ball
1-0: Ground out U3 (Groundball, 3, EV 79.4 MPH)
Batting: LHB Jayden Marotta 0-0: Ground out 4-3 (Groundball, 4M, EV 81.9 MPH)
Batting: LHB Roshown Guillen 0-0: Fly out, F9 (Line Drive, 89M, EV 105.6 MPH)
Bottom of the 14th over - 0 runs, 0 hits, 0 errors, 0 left on base; Ottawa 10 - Quebec 10
TOP OF THE 15TH
Ottawa Beavers batting - Pitching for Quebec Fighting Quakers : RHP Brad Zook
Pitching: RHP Rogan Lake
Batting: RHB Taylor Allison 0-0: Ball
1-0: Ball
2-0: Ball
3-0: Called Strike
3-1: Base on Balls
Batting: SHB Darren Clark Pickoff Throw to First - Out! 1-3
0-0: Ball
1-0: Called Strike
1-1: Swinging Strike
1-2: Strikes out swinging
Batting: RHB Jaboree Kafengauz 0-0: Ball
1-0: Ball
2-0: SINGLE (Groundball, 56D, EV 104.4 MPH)
Batting: RHB Gavin Wright 0-0: Swinging Strike
0-1: Ball
1-1: Called Strike
1-2: Ball
2-2: Strikes out looking
Top of the 15th over - 0 runs, 1 hit, 0 errors, 1 left on base; Ottawa 10 - Quebec 10
BOTTOM OF THE 15TH
Quebec Fighting Quakers batting - Pitching for Ottawa Beavers : LHP Garrett Chartrand
Batting: RHB Eli Tracy 0-0: Ball
1-0: Called Strike
1-1: Called Strike
1-2: Ball
2-2: Ball
3-2: SINGLE (Line Drive, 8LS, EV 95.6 MPH)
Batting: RHB Andy Christman 0-0: Fly out, F9 (Flyball, 9LS, EV 81.9 MPH)
Batting: RHB Cody Henning 0-0: Called Strike
0-1: Ball
1-1: Ball
2-1: Foul Ball, location: 2F
2-2: SINGLE (Groundball, 4MS, EV 63.1 MPH) (infield hit)
Eli Tracy to second
Batting: RHB Andy Reece 0-0: Ball
1-0: Fly out, F8 (Flyball, 78M, EV 86.9 MPH)
Batting: RHB Evan Bocian 0-0: Swinging Strike
0-1: Foul Ball, location: 2F
0-2: Ball
1-2: SINGLE (Groundball, 34S, EV 62.5 MPH) (infield hit)
Eli Tracy to third
Cody Henning to second
Batting: LHB Kevyn O'Flynn 0-0: Ball
1-0: Ground out U3 (Groundball, 34, EV 88.1 MPH)
Bottom of the 15th over - 0 runs, 3 hits, 0 errors, 3 left on base; Ottawa 10 - Quebec 10
TOP OF THE 16TH
Ottawa Beavers batting - Pitching for Quebec Fighting Quakers : RHP Rogan Lake
Batting: RHB Carlos Kinney 0-0: DOUBLE (Flyball, 78XD, EV 106.2 MPH)
Batting: LHB Evan Dollar 0-0: Intentional Walk
Batting: SHB Dennis Daley 0-0: Foul Ball, location: 2F
0-1: Ball
1-1: Ball
2-1: Bunted foul
2-2: SINGLE (Line Drive, 9S, EV 87.5 MPH)
Carlos Kinney to third
Evan Dollar to second
Batting: RHB Omari Stubbs 0-0: Called Strike
0-1: Foul Ball, location: 2F
0-2: Strikes out swinging
Batting: RHB Erick Hartman 0-0: Ball
1-0: Ball
2-0: Ball
3-0: Base on Balls
Carlos Kinney scores
Evan Dollar to third
Dennis Daley to second
Batting: RHB Taylor Allison 0-0: Called Strike
0-1: Ball
1-1: Ball
2-1: Foul Ball, location: 2F
2-2: Foul Ball, location: 2F
2-2: Ball
3-2: Fly out, F8 (Flyball, 8RS, EV 88.1 MPH)
Batting: SHB Darren Clark 0-0: Ground out 5-3 (Groundball, 56S, EV 82.5 MPH)
Top of the 16th over - 1 run, 2 hits, 0 errors, 3 left on base; Ottawa 11 - Quebec 10
BOTTOM OF THE 16TH
Quebec Fighting Quakers batting - Pitching for Ottawa Beavers : LHP Garrett Chartrand
Now in LF: Phillip Cummings
Now in RF: Dennis Daley
Pinch Hitting: RHB TeMarcus Turner 0-0: Foul Ball, location: 2F
0-1: Foul Ball, location: 2F
0-2: Fly out, F9 (Flyball, 9, EV 75.0 MPH)
Batting: LHB Jayden Marotta 0-0: Called Strike
0-1: Foul Ball, location: 2F
0-2: Ball
1-2: Foul Ball, location: 2F
1-2: SINGLE (Groundball, 34S, EV 95.6 MPH)
Batting: LHB Roshown Guillen 0-0: Ball
1-0: SINGLE (Groundball, 34D, EV 96.9 MPH)
Jayden Marotta to second
Runner from 2nd tries for 3rd, SAFE, throw by RF made to third
Batting: RHB Eli Tracy 0-0: Ball
1-0: Swinging Strike
1-1: Grounds into double play, 6-4-3 (Groundball, 6, EV 100.0 MPH)
Bottom of the 16th over - 0 runs, 2 hits, 0 errors, 1 left on base; Ottawa 11 - Quebec 10
Thursday, March 21st , 2024 - OOTP Baseball 23.10 Build 110